[Event "Titled Tuesday Blitz June 27 Early 2023"]
[White "Ganiev, Roman"]
[Black "Pinto, Daniel"]
[WhiteFideId "4131452"]
[BlackFideId "3303144"]
[WhiteElo "2608"]
[BlackElo "2403"]
[Result "1-0"]
[Round "2"]
[TimeControl "180+2"]
[Date "2023.06.27"]
[WhiteClock "0:00:08"]
[BlackClock "0:00:00"]
[Board "146"]

1. e4 e5 2. d4 exd4 3. Qxd4 Nc6 4. Qe3 d6 5. Nc3 Nf6 6. Bd2 Be7 7. O-O-O O-O 8. Bc4 Be6 9. Bb3 a5 10. f4 Ng4 11. Qe1 a4 12. Bd5 Qd7 13. Nf3 Nf6 14. Bxe6 fxe6 15. g4 Na5 16. g5 Ne8 17. Kb1 b5 18. f5 exf5 19. exf5 Rxf5 20. Qg3 g6 21. Bc1 b4 22. Nd5 Ng7 23. Rhe1 Bd8 24. Qh3 Qf7 25. Nf6+ Bxf6 26. gxf6 Qxf6 27. Nd4 b3 28. Nxf5 Nxf5 29. Qd3 bxa2+ 30. Kxa2 Qf7+ 31. Qd5 Nc6 32. Ka1 Qxd5 33. Rxd5 Nce7 34. Rb5 Ra7 35. Bg5 Kf7 36. Bxe7 Nxe7 37. Rb8 Nf5 38. Rh8 Kg7 39. Rc8 a3 40. b3 c5 41. h3 Rf7 42. Ka2 Nd4 43. Rc1 Nb5 44. Rd8 Ra7 45. c4 Nd4 46. Rxd6 h5 47. Rd1 Kh6 48. Rd2 h4 49. Rd5 Rc7 50. Kxa3 Ra7+ 51. Kb2 Rb7 52. R2xd4 cxd4 53. Rxd4 g5 54. Kc3 Kh5 55. c5 Rf7 56. b4 Rf3+ 57. Kc4 Rxh3 58. c6 Rh1 59. Rd3 Re1 60. c7 Re8 61. Rd8 Re4+ 62. Kd5 Rxb4 63. c8=Q Rb5+ 64. Ke6 h3 65. Rh8+ Kg4 66. Qc4+ 1-0


[Site "https://www.chess.com"]

[Event "Titled Tuesday Blitz June 27 Early 2023"]
[White "Molina Carretero, Daniel"]
[Black "Mohamed Anees M"]
[WhiteFideId "32071914"]
[BlackFideId "35065815"]
[WhiteElo "2400"]
[BlackElo "2603"]
[Result "0-1"]
[Round "2"]
[TimeControl "180+2"]
[Date "2023.06.27"]
[WhiteClock "0:00:15"]
[BlackClock "0:00:51"]
[Board "147"]

1. c4 e6 2. Nf3 d5 3. b3 Nf6 4. g3 Be7 5. Bg2 O-O 6. O-O c5 7. Bb2 d4 8. b4 Nc6 9. b5 Na5 10. d3 b6 11. Nxd4 cxd4 12. Bxa8 Nb7 13. Nd2 e5 14. Nf3 Qc7 15. e4 dxe3 16. Bxe5 exf2+ 17. Rxf2 Qd8 18. Kg2 Ng4 19. Re2 Nxe5 20. Nxe5 Bf6 21. Rb1 Qc7 22. Nf3 Bg4 23. Bxb7 Qxb7 24. Re4 Bf5 25. Rf4 Bg6 26. Qe2 Rd8 27. Rd1 h5 28. h4 Qd7 29. d4 Re8 30. Qf2 Be4 31. Kh2 Bf5 32. Ng5 Bg4 33. Re1 Rd8 34. Rxf6 gxf6 35. Ne4 Qxd4 36. Nxf6+ Kg7 37. Qxd4 Rxd4 38. Nxg4 hxg4 39. Re2 Rxc4 40. Kg2 Rb4 41. Kf2 Rxb5 42. Ke3 Re5+ 43. Kd3 Rxe2 44. Kxe2 f5 45. Ke3 b5 46. Kf4 Kf6 47. h5 a5 48. h6 b4 49. h7 Kg7 50. Kxf5 a4 51. Kxg4 b3 52. axb3 axb3 0-1


[Site "https://www.chess.com"]

[Event "Titled Tuesday Blitz June 27 Early 2023"]
[White "De La Villa Garcia, Jesus Maria"]
[Black "Oglaza, Oskar"]
[WhiteFideId "2200040"]
[BlackFideId "1194402"]
[WhiteElo "2594"]
[BlackElo "2399"]
[Result "1-0"]
[Round "2"]
[TimeControl "180+2"]
[Date "2023.06.27"]
[WhiteClock "0:01:11"]
[BlackClock "0:00:15"]
[Board "148"]

1. c4 c5 2. Nf3 Nf6 3. d4 cxd4 4. Nxd4 e6 5. g3 Nc6 6. Bg2 Bc5 7. Nb3 Bb4+ 8. Bd2 O-O 9. O-O d5 10. cxd5 Nxd5 11. Bxb4 Ndxb4 12. Nc3 Bd7 13. Nc5 Bc8 14. a3 Nd5 15. Nxd5 exd5 16. Qxd5 Qb6 17. b4 Rd8 18. Qc4 Rd4 19. Qc3 Rd8 20. e3 a5 21. b5 Na7 22. a4 Bf5 23. Nxb7 Rac8 24. Qxa5 Qxa5 25. Nxa5 Bd3 26. Rfc1 Rb8 27. Nc6 Nxc6 28. bxc6 Rdc8 29. a5 Rc7 30. a6 Ra8 31. Bf1 Bxf1 32. Kxf1 Kf8 33. Ke2 Ke7 34. Kf3 Kd6 35. Kf4 f6 36. a7 Raxa7 37. Rxa7 Rxa7 38. Kf5 Ra5+ 39. Ke4 Ra4+ 40. Kf5 Ke7 41. e4 g6+ 42. Kf4 Kd8 43. c7+ Kc8 44. Rc6 f5 45. f3 Rb4 46. Rf6 Kxc7 47. Rf7+ Kd6 48. Rxh7 Ke6 49. h4 Kf6 50. Rc7 fxe4 51. fxe4 Rb5 52. Rc6+ Kf7 53. e5 Rb3 54. g4 Rb5 55. h5 gxh5 56. gxh5 Rb4+ 57. Kf5 Rh4 58. Rc7+ Ke8 59. Ke6 Kd8 60. Rh7 Rh1 61. Rh8+ Kc7 62. Ke7 Kc6 63. e6 Kd5 64. h6 Ra1 65. Rd8+ Ke5 66. h7 Ra7+ 67. Rd7 Ra8 68. Kf7 Rh8 69. Kg7 Kxe6 70. Kxh8 Kxd7 71. Kg7 Ke7 72. h8=Q Ke6 73. Qh6+ 1-0


[Site "https://www.chess.com"]

[Event "Titled Tuesday Blitz June 27 Early 2023"]
[White "Ibadov, Dashgyn"]
[Black "Silva Lucena, Cristian"]
[WhiteFideId "24107514"]
[BlackFideId "2232588"]
[WhiteElo "2588"]
[BlackElo "2390"]
[Result "1-0"]
[Round "2"]
[TimeControl "180+2"]
[Date "2023.06.27"]
[WhiteClock "0:01:51"]
[BlackClock "0:00:37"]
[Board "149"]

1. e4 e5 2. Nf3 Nc6 3. Bb5 a6 4. Ba4 Nf6 5. d3 Bc5 6. O-O b5 7. Bb3 O-O 8. c3 h6 9. Be3 Bxe3 10. fxe3 d6 11. Nbd2 Be6 12. Qe1 Bxb3 13. axb3 d5 14. exd5 Qxd5 15. d4 exd4 16. exd4 Rfe8 17. Qg3 Nh5 18. Qxc7 Re7 19. Qb6 Re2 20. Qc5 Qxc5 21. dxc5 Nf4 22. Rf2 Rxf2 23. Kxf2 Nd3+ 24. Ke3 Nxc5 25. b4 Re8+ 26. Kf2 Nd3+ 27. Kg3 Nxb2 28. Rxa6 Ne7 29. Nd4 Nd5 30. Nxb5 Nxc3 31. Nxc3 Re3+ 32. Kf4 Rxc3 33. b5 Rb3 34. Nxb3 1-0


[Site "https://www.chess.com"]

[Event "Titled Tuesday Blitz June 27 Early 2023"]
[White "Goldin, Roman"]
[Black "Zavgorodniy, Sergiy"]
[WhiteFideId "2803860"]
[BlackFideId "14110148"]
[WhiteElo "2387"]
[BlackElo "2574"]
[Result "0-1"]
[Round "2"]
[TimeControl "180+2"]
[Date "2023.06.27"]
[WhiteClock "0:00:00"]
[BlackClock "0:01:48"]
[Board "150"]

1. e4 c6 2. d4 d5 3. f3 dxe4 4. fxe4 e5 5. Nf3 Bg4 6. Bc4 Nd7 7. O-O Ngf6 8. dxe5 Bxf3 9. gxf3 Nxe5 10. Be2 Bc5+ 11. Kh1 O-O 12. Qxd8 Raxd8 13. Bg5 h6 14. Bxf6 gxf6 15. f4 Ng6 16. Bd3 Be3 17. Nc3 Bxf4 18. Ne2 Be5 19. Rf5 Bxb2 20. Rb1 Be5 21. Rxb7 Rb8 22. Rb3 a5 23. a4 Rxb3 24. cxb3 Rd8 25. Rf3 Nh4 26. Rh3 c5 27. Kg1 Kh7 28. Kf1 Ng6 29. Ke1 Bxh2 30. Bc4 Be5 31. Bxf7 Ne7 32. Be6 Nc6 33. Bf5+ Kg7 34. Be6 Rd6 35. Bd5 Nb4 36. Bc4 Nc2+ 37. Kf2 Rd2 38. Rd3 Bd4+ 39. Kf3 Ne1+ 40. Kf4 Nxd3+ 0-1


[Site "https://www.chess.com"]

[Event "Titled Tuesday Blitz June 27 Early 2023"]
[White "Iskusnyh, Sergei"]
[Black "Barbot, Pierre"]
[WhiteFideId "4120027"]
[BlackFideId "663727"]
[WhiteElo "2572"]
[BlackElo "2386"]
[Result "1-0"]
[Round "2"]
[TimeControl "180+2"]
[Date "2023.06.27"]
[WhiteClock "0:00:28"]
[BlackClock "0:00:00"]
[Board "151"]

1. e4 c6 2. d4 d5 3. e5 c5 4. Nf3 cxd4 5. Qxd4 Nc6 6. Qf4 e6 7. Nc3 Bc5 8. Bd3 f5 9. a3 Nge7 10. h4 Ng6 11. Qg3 Qb6 12. h5 f4 13. Bxg6+ hxg6 14. Qxg6+ Kf8 15. O-O Qc7 16. Bxf4 Qf7 17. Qxf7+ Kxf7 18. g4 Bd7 19. b4 Bb6 20. Nb5 Raf8 21. Be3 Kg8 22. Kg2 Be8 23. Nd6 g6 24. Bxb6 axb6 25. Nxe8 Rxe8 26. hxg6 Kg7 27. Rh1 Kxg6 28. Rxh8 Rxh8 29. Rh1 Rf8 30. Kg3 Rg8 31. Rh5 Rf8 32. Rg5+ Kh6 33. Rh5+ Kg6 34. Nh4+ Kg7 35. f4 d4 36. f5 exf5 37. Rxf5 Rd8 38. e6 d3 39. cxd3 Rxd3+ 40. Kf4 Rd4+ 41. Kg5 Rd3 42. Rf7+ Kg8 43. Nf5 Rd1 44. Nh6+ 1-0


[Site "https://www.chess.com"]

[Event "Titled Tuesday Blitz June 27 Early 2023"]
[White "Topalov, Aleksandar"]
[Black "Sebag, Marie"]
[WhiteFideId "925659"]
[BlackFideId "617822"]
[WhiteElo "2381"]
[BlackElo "2566"]
[Result "1-0"]
[Round "2"]
[TimeControl "180+2"]
[Date "2023.06.27"]
[WhiteClock "0:00:03"]
[BlackClock "0:00:00"]
[Board "152"]

1. b3 e5 2. Bb2 Nc6 3. c4 Bc5 4. e3 d6 5. Nf3 f5 6. a3 Qe7 7. d4 exd4 8. Nxd4 Nxd4 9. Bxd4 Bxd4 10. Qxd4 Nf6 11. Nc3 O-O 12. Be2 Bd7 13. O-O Rae8 14. Bf3 b6 15. g3 Ne4 16. Nd5 Qd8 17. Rad1 Be6 18. Bg2 Bf7 19. f3 Ng5 20. Rfe1 Ne6 21. Qc3 c6 22. Nb4 Qc7 23. f4 Nd8 24. e4 a5 25. Nd3 fxe4 26. Bxe4 Re7 27. Bf3 Rfe8 28. Rxe7 Rxe7 29. Re1 Bg6 30. Rxe7 Qxe7 31. Qe1 Kf8 32. Qd2 Be4 33. Bg4 Nf7 34. Nf2 d5 35. cxd5 Bxd5 36. b4 axb4 37. axb4 Qa7 38. Qb2 Qa4 39. h3 h6 40. Kh2 Qb5 41. Qd4 Qf1 42. Ne4 Nd6 43. Qf2 Qxf2+ 44. Nxf2 c5 45. bxc5 bxc5 46. Nd3 c4 47. Nb4 Be4 48. Bd1 c3 49. Bc2 Bb7 50. Kg1 Nb5 51. Kf2 Nd4 52. Ke3 Nxc2+ 53. Nxc2 Bg2 54. h4 Bh3 55. Kd4 Ke7 56. Kxc3 Kf6 57. Ne3 g5 58. hxg5+ hxg5 59. Kd4 gxf4 60. gxf4 Be6 61. Ke4 Bd7 62. Nd5+ Kf7 63. Ke5 Bc8 64. Nb6 Bh3 65. Nd5 Bg4 66. Ne3 Bh3 67. Nf5 Kf8 68. Kf6 Bg4 69. Ne7 Bh3 70. Ng6+ Ke8 71. Ne5 Bc8 72. Nc6 Bh3 73. Nd4 Bc8 74. Ne6 Ba6 75. Ke5 Bd3 76. Kf6 Bb1 77. Nc7+ 1-0


[Site "https://www.chess.com"]

[Event "Titled Tuesday Blitz June 27 Early 2023"]
[White "Serban, Cristian-Stefan"]
[Black "Buscar, Michael"]
[WhiteFideId "1241443"]
[BlackFideId "2603616"]
[WhiteElo "2556"]
[BlackElo "2381"]
[Result "0-1"]
[Round "2"]
[TimeControl "180+2"]
[Date "2023.06.27"]
[WhiteClock "0:00:00"]
[BlackClock "0:00:16"]
[Board "153"]

1. d4 d5 2. Bf4 Bf5 3. e3 e6 4. Nf3 Bd6 5. Bg3 Nf6 6. Nbd2 Nbd7 7. Ne5 Ne4 8. Bd3 Nxg3 9. hxg3 Nxe5 10. Bxf5 exf5 11. dxe5 Bxe5 12. c3 g6 13. Nf3 Bg7 14. Qb3 O-O 15. O-O-O c6 16. Qxb7 Qa5 17. Qxc6 Qxa2 18. Qxd5 Qa1+ 19. Kc2 Qa4+ 20. Qb3 Qe4+ 21. Kc1 Rab8 22. Qa3 Bxc3 23. bxc3 Qb1+ 24. Kd2 Rb2+ 25. Ke1 Qc2 26. Rd2 Qc1+ 27. Rd1 Re2+ 28. Kxe2 Qxa3 29. Rd3 Rb8 30. Rhd1 Kg7 31. Ne5 Rb2+ 32. R1d2 a5 33. Nc4 Rxd2+ 34. Rxd2 Qxc3 35. Nb2 a4 36. Nd1 Qc4+ 37. Ke1 a3 0-1


[Site "https://www.chess.com"]

[Event "Titled Tuesday Blitz June 27 Early 2023"]
[White "Salman, Pavel"]
[Black "Fontaine, Quentin"]
[WhiteFideId "24153753"]
[BlackFideId "230804"]
[WhiteElo "2553"]
[BlackElo "2379"]
[Result "1-0"]
[Round "2"]
[TimeControl "180+2"]
[Date "2023.06.27"]
[WhiteClock "0:01:56"]
[BlackClock "0:00:22"]
[Board "154"]

1. d4 d6 2. Nc3 Nf6 3. e4 g6 4. h4 h5 5. Bg5 Bg7 6. f4 Ng4 7. e5 f6 8. Bd3 Bf5 9. Bxf5 gxf5 10. exf6 exf6 11. Qe2+ Qe7 12. Nd5 Qxe2+ 13. Nxe2 Kd7 14. Ng3 fxg5 15. Nxf5 c6 16. Nc3 Bf8 17. hxg5 Na6 18. Kd2 d5 19. Rae1 Bd6 20. g6 Rag8 21. g7 Rh7 22. g3 Bb4 23. a3 Bxc3+ 24. bxc3 Nc7 25. Re7+ Kd8 26. Rhe1 Nf6 27. Rf7 Ne4+ 28. Rxe4 dxe4 29. Rf8+ Kd7 30. Rxg8 Ke6 31. Re8+ 1-0


[Site "https://www.chess.com"]

[Event "Titled Tuesday Blitz June 27 Early 2023"]
[White "Sokolov, Andrei"]
[Black "chess123456s"]
[WhiteFideId "11600306"]
[WhiteElo "2378"]
[BlackElo "2553"]
[Result "0-1"]
[Round "2"]
[TimeControl "180+2"]
[Date "2023.06.27"]
[WhiteClock "0:00:00"]
[BlackClock "0:00:49"]
[Board "155"]

1. d4 d5 2. c4 c6 3. Nc3 Nf6 4. cxd5 cxd5 5. Bf4 Nc6 6. e3 a6 7. Bd3 Bg4 8. Nge2 e6 9. O-O Bd6 10. Bxd6 Qxd6 11. Rc1 O-O 12. Na4 e5 13. dxe5 Nxe5 14. h3 Bh5 15. Qd2 Qd7 16. Nb6 Qxh3 17. Nf4 Qg4 18. f3 Qg5 19. Nxa8 Nxf3+ 20. Rxf3 Bxf3 21. Qf2 Be4 22. Nb6 Bxd3 23. Nxd3 Ne4 24. Qf3 Re8 25. Nf4 Qf6 26. Nbxd5 Qxb2 27. Rd1 h6 0-1


[Site "https://www.chess.com"]

[Event "Titled Tuesday Blitz June 27 Early 2023"]
[White "Mamedov, Edgar"]
[Black "Kuznetsov, Mikhail"]
[WhiteFideId "13739980"]
[BlackFideId "4117190"]
[WhiteElo "2552"]
[BlackElo "2369"]
[Result "0-1"]
[Round "2"]
[TimeControl "180+2"]
[Date "2023.06.27"]
[WhiteClock "0:00:00"]
[BlackClock "0:00:04"]
[Board "156"]

1. d4 Nf6 2. Nf3 g6 3. Nbd2 d5 4. e3 Bg7 5. b4 O-O 6. c4 a5 7. b5 c6 8. a4 Bg4 9. Bb2 e6 10. h3 Bxf3 11. Nxf3 Nbd7 12. Be2 Ne4 13. O-O Re8 14. bxc6 bxc6 15. cxd5 cxd5 16. Rc1 Qe7 17. Bb5 Rec8 18. Rc2 Nb6 19. Qc1 Rxc2 20. Qxc2 Rc8 21. Qb3 Nc4 22. Rc1 Ned6 23. Ba6 Rc6 24. Bxc4 Nxc4 25. Ba3 Qc7 26. Bc5 Bf8 27. Bxf8 Kxf8 28. Qb5 Rb6 29. Qxa5 Qc6 30. Qc5+ Qxc5 31. dxc5 Ra6 32. Ra1 Nb2 33. Ne5 f6 34. Nd7+ Ke7 35. Nb6 Nd3 36. Rc1 Nxc1 37. Kf1 Nd3 38. Nc8+ Kd7 0-1


[Site "https://www.chess.com"]

[Event "Titled Tuesday Blitz June 27 Early 2023"]
[White "Alvarado Diaz, Alejandro"]
[Black "Fernandez Siles, Luis"]
[WhiteFideId "2276119"]
[BlackFideId "2209420"]
[WhiteElo "2549"]
[BlackElo "2367"]
[Result "1-0"]
[Round "2"]
[TimeControl "180+2"]
[Date "2023.06.27"]
[WhiteClock "0:00:03"]
[BlackClock "0:00:09"]
[Board "157"]

1. d4 Nf6 2. c4 g6 3. Nc3 Bg7 4. e4 d6 5. Be2 O-O 6. Be3 Nbd7 7. h4 e5 8. d5 h5 9. Qd2 Nc5 10. f3 a5 11. Nh3 c6 12. Ng5 cxd5 13. cxd5 Bd7 14. O-O-O a4 15. g4 hxg4 16. fxg4 Bxg4 17. Bxg4 Nxg4 18. h5 Nxe3 19. Qxe3 Bh6 20. Rdg1 f6 21. hxg6 Bxg5 22. Rxg5 fxg5 23. Qh3 Nd3+ 24. Kb1 Kg7 25. Qh7+ Kf6 26. g7 Rg8 27. Rh6+ Ke7 28. Qg6 Nf4 29. Qf6+ Kd7 30. Qxd6+ Kc8 31. Qc5+ Kb8 32. Nb5 Rxg7 33. Rd6 Rd7 34. Rxd7 Qxd7 35. Qf8+ Qc8 36. Qd6+ Qc7 37. Qxc7# 1-0


[Site "https://www.chess.com"]

[Event "Titled Tuesday Blitz June 27 Early 2023"]
[White "Tologon tegin, Semetei"]
[Black "Melikhov, Evgeny V."]
[WhiteFideId "13800574"]
[BlackFideId "4122046"]
[WhiteElo "2548"]
[BlackElo "2366"]
[Result "1-0"]
[Round "2"]
[TimeControl "180+2"]
[Date "2023.06.27"]
[WhiteClock "0:00:08"]
[BlackClock "0:00:00"]
[Board "158"]

1. g3 f5 2. Bg2 Nf6 3. c4 d6 4. Nc3 e5 5. e3 Be7 6. Nge2 O-O 7. O-O a5 8. d4 e4 9. d5 Na6 10. f3 exf3 11. Bxf3 Nc5 12. Nd4 Bd7 13. Qc2 Ng4 14. Bxg4 fxg4 15. Bd2 Bf6 16. Nb3 Nxb3 17. axb3 Qe7 18. Ne4 Be5 19. Nc3 b6 20. Qd3 Rae8 21. Rxf8+ Rxf8 22. Rf1 Rxf1+ 23. Kxf1 Qf6+ 24. Kg1 Bf5 25. Qf1 Qg6 26. Nb5 Bd3 27. Qf2 Be4 28. Nxc7 Bf3 29. Ne6 Qb1+ 30. Be1 Bxb2 31. Ng5 Bc3 32. Nxf3 gxf3 33. Kf1 g5 34. g4 Kg7 35. h3 Kg6 36. e4 Qa1 37. Qe3 Bxe1 38. Qxe1 Qb2 39. Qf2 Qxb3 40. Kg1 Qd3 41. Kh2 Qe2 42. Kg3 Kf6 43. Qd4+ Ke7 44. Qg7+ Kd8 45. Qf8+ Kc7 46. Qe7+ Kc8 47. Qe8+ Kc7 48. Qc6+ Kd8 49. Qxd6+ Kc8 50. Qc6+ Kd8 51. Qxb6+ Kc8 52. Qc6+ Kd8 53. Qb6+ Kc8 54. Qa6+ Kd7 55. Qb7+ Kd8 56. Qa8+ Kd7 57. Qa7+ Kc8 58. Qa6+ Kd7 59. Qc6+ Kd8 60. Qf6+ Kc8 61. Qf8+ Kb7 62. Qxf3 Qxc4 63. e5 a4 64. d6+ Qc6 65. Qf7+ Ka6 66. d7 1-0


[Site "https://www.chess.com"]

[Event "Titled Tuesday Blitz June 27 Early 2023"]
[White "Szente Varga, Fruzsina"]
[Black "Alinasab, Mobina"]
[WhiteFideId "712264"]
[BlackFideId "12528897"]
[WhiteElo "2366"]
[BlackElo "2548"]
[Result "0-1"]
[Round "2"]
[TimeControl "180+2"]
[Date "2023.06.27"]
[WhiteClock "0:00:03"]
[BlackClock "0:00:17"]
[Board "159"]

1. e4 c5 2. Nf3 e6 3. b3 Nc6 4. Bb2 d6 5. Bb5 a6 6. Bxc6+ bxc6 7. O-O e5 8. Na3 g6 9. d3 Bg7 10. Nc4 Be6 11. Nfd2 Nf6 12. f4 exf4 13. Rxf4 O-O 14. Qf1 Nh5 15. Bxg7 Kxg7 16. Rf2 d5 17. Ne3 Qg5 18. Qe1 Nf4 19. Kh1 f6 20. Nf3 Qh6 21. e5 fxe5 22. Nxe5 d4 23. N3g4 Bxg4 24. Nxg4 Qg5 25. Qe5+ Qxe5 26. Nxe5 Nd5 27. Raf1 Rxf2 28. Rxf2 Re8 29. Nf3 Nc3 30. h3 Nxa2 31. Nd2 Nc3 32. Nc4 Re1+ 33. Kh2 h5 34. Na5 Nd5 35. Nxc6 h4 36. g3 hxg3+ 37. Kxg3 Ne3 38. Nd8 Rc1 39. Ne6+ Kh6 40. Nxc5 Nxc2 41. Ne6 Re1 42. Nf4 Nb4 43. Kf3 Re3+ 44. Kg4 Nxd3 45. Nd5 Nxf2+ 46. Kf4 Nxh3+ 47. Kg4 Nf2+ 48. Kf4 Rxb3 49. Ne7 a5 0-1


[Site "https://www.chess.com"]

[Event "Titled Tuesday Blitz June 27 Early 2023"]
[White "Mickiewicz, Piotr"]
[Black "Roberson, Peter T"]
[WhiteFideId "1114891"]
[BlackFideId "412384"]
[WhiteElo "2361"]
[BlackElo "2547"]
[Result "1-0"]
[Round "2"]
[TimeControl "180+2"]
[Date "2023.06.27"]
[WhiteClock "0:00:24"]
[BlackClock "0:00:00"]
[Board "160"]

1. e4 e5 2. Nf3 Nc6 3. Bb5 Nf6 4. d3 d6 5. c4 Be7 6. h3 O-O 7. Be3 Nb8 8. Nc3 c6 9. Ba4 Nbd7 10. O-O Re8 11. Bc2 Bf8 12. Rb1 d5 13. cxd5 cxd5 14. exd5 Nb6 15. Bg5 h6 16. Bxf6 Qxf6 17. a3 Bf5 18. Re1 Rad8 19. Bb3 Bc5 20. Ne4 Qe7 21. Nxc5 Qxc5 22. Rxe5 Rxe5 23. Nxe5 Nxd5 24. d4 Qb6 25. Rc1 f6 26. Nc4 Qa6 27. Ne3 Be6 28. Bc4 Qd6 29. Qb3 b6 30. Bxd5 Bxd5 31. Nxd5 Qxd5 32. Qxd5+ Rxd5 33. Rd1 Kf7 34. Kf1 Rb5 35. b4 a5 36. bxa5 Rxa5 37. Rd3 Ke6 38. Rb3 b5 39. Ke2 Kd5 40. Kd3 g5 41. Rc3 h5 42. Rc5+ Kd6 43. Ke4 Rxa3 44. Rxb5 Ra2 45. Rb6+ Ke7 46. g4 hxg4 47. hxg4 Rxf2 48. Kd5 Rf4 49. Rb7+ Kf8 50. Kc5 Rxg4 51. d5 Rg1 52. d6 g4 53. Rb8+ Kf7 54. d7 Rc1+ 55. Kd6 Rd1+ 56. Kc6 Rc1+ 57. Kb7 f5 58. d8=Q 1-0


[Site "https://www.chess.com"]

[Event "Titled Tuesday Blitz June 27 Early 2023"]
[White "Ismagilov, Damir"]
[Black "TomLiu777"]
[WhiteFideId "34199982"]
[WhiteElo "2546"]
[BlackElo "2358"]
[Result "0-1"]
[Round "2"]
[TimeControl "180+2"]
[Date "2023.06.27"]
[WhiteClock "0:00:00"]
[BlackClock "0:00:06"]
[Board "161"]

1. d4 Nf6 2. Bf4 c5 3. e3 d5 4. c3 Nc6 5. Nd2 Qb6 6. Qb3 c4 7. Qc2 g6 8. e4 dxe4 9. Nxc4 Qd8 10. Ne2 Bg7 11. Ng3 O-O 12. Be2 Nd5 13. Qxe4 Nxf4 14. Qxf4 e5 15. Nxe5 Nxe5 16. dxe5 Qa5 17. O-O Bxe5 18. Qe4 Bg7 19. Rfd1 Be6 20. Bf3 Rab8 21. a3 h5 22. Qb4 Qc7 23. Ne4 Rfd8 24. Ng5 Bf5 25. Bd5 Rd7 26. Bb3 Rbd8 27. Rxd7 Rxd7 28. Qc4 Qxc4 29. Bxc4 Bh6 30. Nf3 Bg7 31. h3 Bf6 32. Kf1 Kg7 33. Ke2 b6 34. Rd1 Rc7 35. Bd3 Be6 36. Kf1 Re7 37. Bc2 Bc4+ 38. Kg1 Re2 39. Ne1 Re7 40. g3 Ba6 41. h4 Bb7 42. Bd3 Bc6 43. Bf1 a5 44. Bg2 Ba4 45. Rc1 Re2 46. Nd3 Bb5 47. Bf1 Bxd3 48. Bxe2 Bxe2 49. b4 a4 50. f4 Bc4 51. Kf2 b5 52. Ke3 Kf8 53. Kd2 Ke7 54. Re1+ Kd7 55. Re4 Kd6 56. Re1 Kd7 57. Re3 Bd8 58. Rf3 Ke6 59. Re3+ Kf5 60. Re8 Bb6 61. Rb8 Bf2 0-1


[Site "https://www.chess.com"]

[Event "Titled Tuesday Blitz June 27 Early 2023"]
[White "a-z30"]
[Black "Bilan, Danila"]
[BlackFideId "24161918"]
[WhiteElo "2358"]
[BlackElo "2544"]
[Result "0-1"]
[Round "2"]
[TimeControl "180+2"]
[Date "2023.06.27"]
[WhiteClock "0:00:02"]
[BlackClock "0:00:04"]
[Board "162"]

1. d3 d5 2. Nf3 Nf6 3. g3 c5 4. Bg2 Nc6 5. O-O Bg4 6. c4 e6 7. Qa4 Qd7 8. cxd5 exd5 9. Bg5 Be7 10. Nc3 O-O 11. Bxf6 Bxf6 12. Nxd5 Bxb2 13. Rab1 Be6 14. Nf4 Bf6 15. Nh5 Be7 16. Rfc1 Rac8 17. Nf4 Bf5 18. Nd2 b6 19. Nd5 Bg5 20. f4 Bd8 21. Nc4 Nd4 22. Qxd7 Bxd7 23. Rb2 Bf6 24. Nxf6+ gxf6 25. e3 Nc6 26. Nd6 Rcd8 27. Be4 Nb4 28. a3 Nc6 29. Nf5 Bxf5 30. Bxf5 Ne7 31. Be4 f5 32. Bf3 Rxd3 33. Kf2 Rfd8 34. g4 fxg4 35. Bxg4 f5 36. Bf3 Kg7 37. Rcc2 Kf6 38. e4 fxe4 39. Bxe4 R3d4 40. Kf3 Ng6 41. Bxg6 hxg6 42. Re2 Rd3+ 43. Re3 c4 44. Rb4 Rxe3+ 45. Kxe3 Rd3+ 46. Ke4 Rxa3 47. Rxc4 b5 48. Rc6+ Kg7 49. Ke5 Re3+ 50. Kd4 Ra3 51. Ke5 a6 52. Rc7+ Kh6 53. Kf6 Ra4 54. Ke5 Rc4 55. Rc8 Rxc8 56. Kd6 Rf8 0-1


[Site "https://www.chess.com"]

[Event "Titled Tuesday Blitz June 27 Early 2023"]
[White "Llanos, Guillermo"]
[Black "Rutvij09"]
[WhiteFideId "100358"]
[WhiteElo "2356"]
[BlackElo "2538"]
[Result "1-0"]
[Round "2"]
[TimeControl "180+2"]
[Date "2023.06.27"]
[WhiteClock "0:00:20"]
[BlackClock "0:00:04"]
[Board "163"]

1. Nf3 g6 2. e4 Bg7 3. d4 d6 4. Nc3 c6 5. a4 Nd7 6. Be2 Ngf6 7. O-O O-O 8. h3 e5 9. Be3 Re8 10. dxe5 dxe5 11. Nd2 Nf8 12. Nc4 Qe7 13. Nd6 Rd8 14. Nxc8 Raxc8 15. Qc1 b6 16. a5 b5 17. f3 Ne6 18. Rd1 Nh5 19. Na2 Nd4 20. Bf1 Ng3 21. Rd2 h5 22. Qe1 h4 23. Rad1 f5 24. c3 Ne6 25. Rxd8+ Rxd8 26. Rxd8+ Qxd8 27. Nb4 Qxa5 28. Nxc6 Qa2 29. Nxa7 Qxb2 30. Nxb5 f4 31. Bf2 Bf8 32. Bc4 Kg7 33. Bxe6 Qxb5 34. c4 Qa6 35. Bd5 Qa3 36. Kh2 Kh6 37. Qb1 Qd3 38. Qxd3 1-0


[Site "https://www.chess.com"]

[Event "Titled Tuesday Blitz June 27 Early 2023"]
[White "Vasques, Antonio Pedro Freixial"]
[Black "Adla, Diego"]
[WhiteFideId "1908332"]
[BlackFideId "100072"]
[WhiteElo "2353"]
[BlackElo "2538"]
[Result "0-1"]
[Round "2"]
[TimeControl "180+2"]
[Date "2023.06.27"]
[WhiteClock "0:00:31"]
[BlackClock "0:02:13"]
[Board "164"]

1. e4 e5 2. Nf3 Nc6 3. Bc4 Nf6 4. d3 Bc5 5. c3 O-O 6. O-O d6 7. Bb3 a5 8. a4 h6 9. Nbd2 Be6 10. Bxe6 fxe6 11. Nc4 Qe8 12. Be3 Bxe3 13. Nxe3 Nh5 14. d4 exd4 15. cxd4 Kh8 16. d5 exd5 17. exd5 Ne5 18. Nd4 Nf4 19. Rc1 Rc8 20. Nb5 Qg6 21. Rxc7 Rxc7 22. Nxc7 Nh3+ 23. Kh1 Nxf2+ 24. Rxf2 Rxf2 25. Ne6 Rxb2 26. Nf4 Qe4 0-1


[Site "https://www.chess.com"]

[Event "Titled Tuesday Blitz June 27 Early 2023"]
[White "Jimenez Almeida, Luis David"]
[Black "Fajdetic, Hrvoje"]
[WhiteFideId "22242244"]
[BlackFideId "14501945"]
[WhiteElo "2536"]
[BlackElo "2352"]
[Result "1/2-1/2"]
[Round "2"]
[TimeControl "180+2"]
[Date "2023.06.27"]
[WhiteClock "0:02:42"]
[BlackClock "0:01:42"]
[Board "165"]

1. e4 c5 2. Nf3 a6 3. c4 Nc6 4. Nc3 g6 5. d4 cxd4 6. Nxd4 Bg7 7. Be3 Nf6 8. Be2 d6 9. O-O O-O 10. f3 Nxd4 11. Bxd4 Be6 12. Qd2 Rc8 13. b3 Nd7 14. Be3 b5 15. Rac1 1/2-1/2


[Site "https://www.chess.com"]

[Event "Titled Tuesday Blitz June 27 Early 2023"]
[White "Bogaudinov, Rushan"]
[Black "Chor, Kevin"]
[WhiteFideId "4129288"]
[BlackFideId "2090740"]
[WhiteElo "2351"]
[BlackElo "2534"]
[Result "0-1"]
[Round "2"]
[TimeControl "180+2"]
[Date "2023.06.27"]
[WhiteClock "0:00:38"]
[BlackClock "0:00:36"]
[Board "166"]

1. d4 Nf6 2. g3 g6 3. Bg2 Bg7 4. e4 d6 5. Nc3 O-O 6. Nf3 Bg4 7. h3 Bxf3 8. Qxf3 Nc6 9. Be3 Nd7 10. Rd1 e5 11. d5 Nd4 12. Bxd4 exd4 13. Ne2 d3 14. Qxd3 Bxb2 15. c3 Ne5 16. Qb5 Ba3 17. Qxb7 Bc5 18. O-O Qd7 19. Kh2 a5 20. Qb1 Rab8 21. Qc2 Nc4 22. Nd4 Rb2 23. Qd3 Qa4 24. h4 Rxa2 25. h5 Nb2 26. Qf3 Nxd1 27. Rxd1 Rxf2 28. Qxf2 Qxd1 29. Bf3 Qc1 30. Bg2 Qxc3 31. Ne2 Bxf2 32. Nxc3 Bd4 33. Nb5 Bc5 34. Nxc7 a4 35. Bf1 a3 36. Bc4 Rc8 37. Nb5 Ra8 38. Ba2 Ra5 39. Nc3 Bd4 40. Nb1 Rb5 41. Nxa3 Rb2+ 42. Kh3 Rxa2 43. Nb5 Bc5 44. h6 Kf8 45. Kg4 Ke7 46. Kf4 Kf6 47. g4 g5+ 48. Kf3 Rf2+ 49. Kg3 Rf4 50. Nc3 Bd4 51. Ne2 Rxe4 52. Ng1 Bxg1 53. Kg2 Ba7 54. Kf3 Re5 55. Kg3 Rxd5 56. Kf3 Re5 57. Kg3 d5 0-1


[Site "https://www.chess.com"]